 Dungeon Crawl Stone Soup version 0.28-a0-1152-g9c71ebef14 (webtiles) character file.

Game seed: 15752385044341629113

1192 SirFunk the Ducker (level 8, 0/60 HPs)
             Began as a Djinni Ice Elementalist on Dec 14, 2021.
             Was an Initiate of Makhleb.
             Shot with a sling bullet by Joseph (17 damage)
             ... on level 7 of the Dungeon.
             The game lasted 00:26:28 (9222 turns).

SirFunk the Ducker (Djinni Ice Elementalist)        Turns: 9222, Time: 00:26:29

Health: 0/60       AC:  2    Str:  7    XL:     8   Next: 71%
Gold:   372        EV: 14    Int: 26    God:    Makhleb [......] SH:  0 Dex: 13

rFire   + + .      SeeInvis +   w - staff of cold
rCold   . . .      Faith    +   (no shield)
rNeg    . . .      Spirit   .   c - +0 robe
rPois   ∞          Reflect  .   (no helmet)
rElec   .          Harm     .   (no cloak)
rCorr   .          Rampage  .   (no gloves)
Will    .....                   (boots unavailable)
Stlth   ++........              f - amulet of faith
HPRegen 0.20/turn               d - +6 ring of intelligence
MPRegen 0.00/turn               n - ring of see invisible

@: flying
A: sickness immunity, fire resistance 2, cold vulnerability 1, float, innate
caster, hp casting, extra vitality 1
a: Renounce Religion


You were on level 7 of the Dungeon.
You worshipped Makhleb.
Makhleb was noncommittal.
You visited 2 branches of the dungeon, and saw 8 of its levels.

You collected 372 gold pieces.

Inventory:

Hand Weapons
 a - a +0 spear
 b - a +0 hunting sling of flaming
 p - a +2 short sword of speed
 y - a +2 rapier of speed
Missiles
 o - 165 stones
Armour
 c - a +0 robe (worn)
Magical Staves
 w - a staff of cold (weapon)
Jewellery
 d - a +6 ring of intelligence (left hand)
 f - an amulet of faith (around neck)
 n - a ring of see invisible (right hand)
Wands
 C - a wand of digging (7)
Scrolls
 h - 3 scrolls of noise {unknown}
 i - a scroll of fog {unknown}
 j - a scroll of immolation {unknown}
 k - 2 scrolls of summoning {unknown}
 l - 2 scrolls of magic mapping
 m - a scroll of enchant weapon {unknown}
 q - 2 scrolls of identify
 t - a scroll of amnesia {unknown}
 u - 2 scrolls of fear {unknown}
 v - a scroll of blinking {unknown}
 z - a scroll of acquirement {unknown}
Potions
 e - a potion of mutation
 g - a potion of brilliance
 r - a potion of lignification
 s - a potion of haste
 x - a potion of flight {unknown}
 A - a potion of curing {unknown}
 B - a potion of might {unknown}


   Skills:
 + Level 5.4 Fighting
 + Level 6.5 Dodging
 - Level 1.5 Stealth
 + Level 5.4 Spellcasting


You couldn't memorise any spells.
You knew the following spells:

 Your Spells              Type           Power      Damage    Failure   Level
a - Freeze                Ice            100%       1d11      1%          1
b - Frozen Ramparts       Ice            100%       1d12      2%          3
c - Ozocubu's Armour      Ice            52%        N/A       2%          3
d - Hailstorm             Conj/Ice       52%        3d12      8%          4
e - Apportation           Tloc           70%        N/A       1%          1
f - Passwall              Tmut/Erth      29%        N/A       1%          2
g - Lesser Beckoning      Tloc           35%        N/A       2%          3
Your spell library was empty.

Dungeon Overview and Level Annotations

Branches:
Dungeon (7/15)             Temple (1/1) D:4

Altars:
Ashenzari
Cheibriados
Elyvilon
Fedhas
Hepliaklqana
Makhleb
Nemelex Xobeh
Okawaru
Qazlal
Sif Muna
Trog
Uskayaw
Vehumet
Wu Jian
Xom
Zin

Annotations:
D:6 Menkaure
D:7 Joseph


Innate Abilities, Weirdness & Mutations

You are immune to sickness and miasma.
You are immune to poison.
Your flesh is very heat resistant. (rF++)
You are vulnerable to cold. (rC-)
You float through the air rather than walking.
You learn spells naturally, not from books.
Your magical power is your life essence.
You have superior vitality. (+4 HP)


Message History

Casting: Hailstorm (dangerous; 8% risk of failure)
Press: ? - help, Dir - look around, f - activate
Okay, then.
The howler monkey hoots and howls with incredible vigour! x2
The howler monkey hoots and howls with incredible vigour!
Casting: Hailstorm (dangerous; 8% risk of failure)
Confirm with . or Enter, or press ? or * to list all spells.
Casting: Hailstorm (dangerous; 8% risk of failure)
Press: ? - help, Dir - look around, f - activate You feel a surge of power!
A cannonade of hail descends around you!
The hail pelts Joseph!!
Joseph is severely wounded.
The hail pelts the howler monkey.
The howler monkey is moderately wounded.
The howler monkey hits you.
Joseph sighs, "Being a guard is usually so boring..."
Casting: Hailstorm (dangerous; 8% risk of failure)
Confirm with . or Enter, or press ? or * to list all spells.
Casting: Hailstorm (dangerous; 8% risk of failure)
Press: ? - help, Dir - look around, f - activate You feel a surge of power!
A cannonade of hail descends around you!
The hail pelts the howler monkey!!
You kill the howler monkey!
Makhleb accepts your kill.
The hail pelts Joseph!!
Joseph is almost dead.
The howler monkey hoots and howls with incredible vigour!
The howler monkey hits you!
Joseph unwields a +1 quarterstaff of draining.
Joseph wields a +0 hunting sling of freezing.
It is covered in frost.
Joseph shoots a sling bullet.
The sling bullet hits you! The sling bullet freezes you.
* * * LOW HITPOINT WARNING * * *
Joseph shoots a sling bullet.
The sling bullet closely misses you.
There is a stone staircase leading up here.
The howler monkey misses you.
Joseph shoots a sling bullet.
The sling bullet hits you!
You die...

#.. #.. #.. .# #..
.## #..## ..#####
##...# .......
.###....###
.......
.......@h.## .....
...........####..#
..........@....#
##+####.........#
##...#.#....#
##.....####.#
#......# #
.....#.##
#.......#


You could see Joseph and a howler monkey.

Vanquished Creatures
  Eustachio (D:5)
  A water moccasin (D:5)
  A necrophage (D:6)
  A centaur (D:5)
  A bullfrog (D:6)
  A water moccasin zombie (D:5)
  A scorpion (D:5)
  A water moccasin skeleton (D:6)
  2 howler monkeys (D:7)
  A centaur zombie (D:5)
  2 hounds
  3 jellies
  2 iguanas (D:5)
  2 orc wizards (D:3)
  A hound skeleton (D:5)
  5 gnolls
  3 adders
  3 worms
  4 dart slugs
  13 orcs
  8 endoplasms
  A giant cockroach (D:2)
  9 goblins
  4 hobgoblins
  A quokka (D:1)
  6 ball pythons
  5 bats
  6 kobolds
  6 rats
95 creatures vanquished.

Notes
Turn   | Place    | Note
-------+----------+-------------------------------------------
     0 | D:1      | SirFunk the Djinni Ice Elementalist began the quest for the
                  | Orb.
     0 | D:1      | Reached XP level 1. HP: 15/15 MP: 0/0
    77 | D:1      | Reached XP level 2. HP: 7/22 MP: 0/0
   431 | D:1      | Found a faded altar of an unknown god.
   487 | D:1      | Reached skill level 1 in Fighting
  1452 | D:1      | Reached XP level 3. HP: 24/27 MP: 0/0
  1452 | D:1      | Learned a level 1 spell: Apportation
  2296 | D:2      | Reached skill level 3 in Dodging
  2296 | D:2      | Reached XP level 4. HP: 22/33 MP: 0/0
  3390 | D:3      | Reached XP level 5. HP: 16/38 MP: 0/0
  3390 | D:3      | Learned a level 2 spell: Passwall
  4582 | D:4      | Found a snail-covered altar of Cheibriados.
  4622 | D:4      | Found an ornate altar of the Wu Jian Council.
  4815 | D:4      | Reached XP level 6. HP: 40/45 MP: 0/0
  4816 | D:4      | Reached skill level 4 in Dodging
  5066 | D:4      | Found a staircase to the Ecumenical Temple.
  5075 | Temple   | Entered the Ecumenical Temple
  5192 | Temple   | Became a worshipper of Makhleb the Destroyer
  5719 | D:5      | Entered Level 5 of the Dungeon
  5721 | D:5      | Noticed Eustachio
  5724 | D:5      | Noticed a water moccasin
  6060 | D:5      | Killed Eustachio
  6061 | D:5      | Reached XP level 7. HP: 21/50 MP: 0/0
  6061 | D:5      | Learned a level 3 spell: Lesser Beckoning
  6597 | D:5      | Reached skill level 5 in Dodging
  6694 | D:5      | Killed a water moccasin
  6967 | D:5      | Reached XP level 8. HP: 33/58 MP: 0/0
  7164 | D:5      | Reached skill level 5 in Spellcasting
  7873 | D:6      | Noticed Menkaure
  7900 | D:6      | Reached skill level 6 in Dodging
  8179 | D:6      | Reached skill level 5 in Fighting
  8757 | D:6      | Found a broken altar of Ashenzari.
  9209 | D:7      | Noticed Joseph
  9222 | D:7      | Shot with a sling bullet by Joseph

Illustrated notes

Levels and vault maps discovered:
D:1:      lightli_arrival_flooded_house, layout_basic,
          hellmonk_ecumenical_altar_zigzags, minmay_close_crescents
D:2:      layout_loops_ring, st_stairs_11
D:3:      layout_loops_ring
D:4:      layout_gridville, vehumet_crystals, slow_altar_1,
          nicolae_wu_jian_wuxing_cycle, minmay_temple_entry_stoned_glass
D:5:      layout_cave_pools, uniq_eustachio
D:6:      layout_gridville, cheibrodos_ashenzari_chains, minivault_27,
          corexii_item_surrounded_by_moat, minmay_tree_intersection,
          uniq_menkaure
D:7:      layout_layer_cave, mainiacjoe_overflow_alcove_2,
          mainiacjoe_overflow_24_doors, uniq_joseph
Temple:   minmay_temple_bridge_abc

Skill      XL: |  1  2  3  4  5  6  7  8 |
---------------+-------------------------+-----
Fighting       | 1 2 3 4 5 |  5.4
Dodging        | 3 4 5 6 |  6.5
Spellcasting   | 4 5 |  5.4
Stealth        | |  1.5

Action                   |  1- 3 |  4- 6 |  7- 9 || total
-------------------------+-------+-------+-------++-------
Melee: Spear             |    46 |    30 |       ||    76
       Staff             |       |     2 |     1 ||     3
       Short sword       |       |    12 |       ||    12
       Rapier            |       |       |    28 ||    28
 Fire: Hunting sling     |       |    17 |    27 ||    44
 Cast: Freeze            |    28 |    51 |    57 ||   136
       Frozen Ramparts   |       |     4 |     1 ||     5
       Ozocubu's Armour  |       |     3 |       ||     3
       Hailstorm         |       |     6 |     3 ||     9
       Passwall          |       |       |     9 ||     9
  Use: Scroll            |       |     4 |     5 ||     9
       Potion            |       |       |     2 ||     2
 Stab: Sleeping          |     5 |     1 |       ||     6
Armor: Robe              |     8 |    15 |    16 ||    39
Dodge: Dodged            |    43 |    51 |    70 ||   164

Table legend: (Time is in decaauts)
 A = Elapsed time spent in this place.
 B = Non-inter-level travel time spent in this place.
 C = Inter-level travel time spent in this place.
 D = Time resting spent in this place.
 E = Time spent auto-exploring this place.
 F = Levels seen in this place.
 G = Mean time per level.
                   A        B        C        D        E       F      G
               +--------+--------+--------+--------+--------+-----+--------+
         Total |   9197 |   8995 |    202 |   4637 |   2865 |   8 | 1149.6 |
       Dungeon |   9058 |   8883 |    175 |   4637 |   2763 |   7 | 1294.0 |
        Temple |    138 |    111 |     27 |      0 |    102 |   1 |  138.0 |
               +--------+--------+--------+--------+--------+-----+--------+

Top non-repeatable levels by time:
     D:5: 1748 daAuts
     D:1: 1651 daAuts
     D:3: 1509 daAuts
     D:6: 1421 daAuts
     D:2: 1417 daAuts
     D:4: 1254 daAuts
  Temple: 138 daAuts
     D:7: 55 daAuts
